 Dungeon Crawl Stone Soup version 0.32-a0-675-gdc239d62e1 (webtiles) character file.

Game seed: 14487975643103583201

4234 Aldia the Reanimator (level 10, 0/86 HPs)
             Began as a Mountain Dwarf Necromancer on Mar 11, 2024.
             Was a Priest of Beogh.
             Slain by Bogbarth the orc apostle
             ... wielding a +2 war axe of freezing
              (7 damage)
             ... on level 8 of the Dungeon.
             The game lasted 00:18:28 (9143 turns).

Aldia the Reanimator (Mountain Dwarf Necromancer)   Turns: 9143, Time: 00:18:28

Health: 0/86       AC: 22    Str: 15    XL:     10   Next: 9%
Magic:  1/14       EV:  8    Int: 19    God:    Beogh [***...]
Gold:   430        SH:  5    Dex: 16    Spells: 7/15 levels left

rFire   . . .        M - +1 whip (elec)
rCold   . . .        (no shield)
rNeg    + . .        k - +9 chain mail of Mecsinub {rN+ Slay+4}
rPois   .            e - +0 helmet of Beogh {Regen+ Str+3}
rElec   .            (no cloak)
rCorr   .            (no gloves)
SInv    .            t - +0 pair of boots
Will    +....        C - amulet of reflection Stlth
                     I - +6 ring of dexterity
HPRegen 1.14/turn    (no ring)
MPRegen 0.14/turn

%: reflection
@: no status effects
A: runic magic, artefact enchanting
a: Renounce Religion, Smiting


You were on level 8 of the Dungeon.
You worshipped Beogh.
Beogh was most pleased with you.
You visited 2 branches of the dungeon, and saw 9 of its levels.
You also visited: Sewer and Ossuary.

You collected 948 gold pieces.
You spent 518 gold pieces at shops.

Inventory:

Hand Weapons
 c - a +1 battleaxe
 i - a +0 dagger of pain
 E - a +4 halberd of freezing
 M - a +1 whip of electrocution (weapon)
Missiles
 y - 2 curare-tipped darts
Armour
 a - a +0 robe
 e - the +0 helmet of Beogh (worn) {Regen+ Str+3}
   (You acquired it on level 6 of the Dungeon)

   Str+3:     It affects your strength (+3).
   Regen+:    It increases your rate of health regeneration.
 k - the +9 chain mail of Mecsinub (worn) {rN+ Slay+4}
   (You found it on level 2 of the Dungeon)

   Slay+4:    It affects your accuracy & damage with ranged weapons and melee
   (+4).
   rN+:       It protects you from negative energy.
 t - a +0 pair of boots (worn)
 A - a +2 tower shield
Jewellery
 C - an amulet of reflection (around neck)
 I - a +6 ring of dexterity (left hand)
Wands
 x - a wand of light (8)
 D - a wand of polymorph (8)
Scrolls
 f - a scroll of noise
 j - a scroll of revelation
 l - 4 scrolls of teleportation
 m - a scroll of vulnerability {unknown}
 n - a scroll of blinking
 s - 2 scrolls of poison
 v - a scroll of enchant weapon {unknown}
 z - a scroll of brand weapon {unknown}
 K - a scroll of fear
Potions
 b - 3 potions of magic
 g - 6 potions of attraction
 q - 3 potions of haste
 r - 3 potions of might {unknown}
 u - a potion of berserk rage
 w - a potion of heal wounds
 F - a potion of degeneration {unknown}
 G - a potion of resistance
 H - a potion of mutation
 J - a potion of cancellation {unknown}
 L - a potion of enlightenment {unknown}


   Skills:
 + Level 7.1 Fighting
 * Level 4.3 Maces & Flails
 + Level 8.1 Armour
 - Level 1.3 Dodging
 - Level 1.4 Stealth
 - Level 3.0 Spellcasting
 - Level 10.0 Necromancy
 + Level 6.5 Invocations


You had 7 spell levels left.
You knew the following spells:

 Your Spells              Type           Power      Damage    Failure   Level
a - Necrotise             Necr           100%       1d9       1%          1
b - Vampiric Draining     Necr           40%        2d8       1%          3
c - Animate Dead          Necr           40%        N/A       4%          4

Your spell library contained the following spells:

 Spells                   Type           Power      Damage    Failure   Level
 Curse of Agony           Necr           40%        N/A       12%         5
 Summon Small Mammal      Summ           8%         N/A       26%         1
 Blink                    Tloc           4%         N/A       36%         2
 Lesser Beckoning         Tloc           4%         N/A       36%         2
 Momentum Strike          Conj/Tloc      4%         3d8       36%         2
 Call Canine Familiar     Summ           2%         N/A       61%         3
 Hailstorm                Conj/Ice       2%         3d5       61%         3
 Summon Ice Beast         Ice/Summ       2%         N/A       61%         3
 Summon Blazeheart Golem  Fire/Summ      2%         N/A       95%         4
 Sculpt Simulacrum        Ice/Alch       1%         N/A       100%        6


Dungeon Overview and Level Annotations

Branches:
Dungeon (8/15)             Temple (1/1) D:7           Sewer (visited)
Ossuary (visited)
   Lair: D:8-11

Altars:
Ashenzari
Cheibriados
Dithmenos
Elyvilon
Fedhas
Gozag
Hepliaklqana
Kikubaaqudgha
Makhleb
Nemelex Xobeh
Okawaru
Qazlal
Ru
Sif Muna
Uskayaw
Vehumet
Wu Jian
Xom
Yredelemnul
The Shining One

Shops:
D:6 !   D:7 [

Annotations:
D:3 Grinder
D:5 3 runed translucent doors, BeKind's ghost, amateur OpFi


Innate Abilities, Weirdness & Mutations

Your facial features look somewhat orcish.
Your spellcasting is much less encumbered by armour.
You can use scrolls of enchantment on lesser artefacts.


Message History

Aim: an orc priest, wielding a +0 club (71% to hit)
The bolt of light hits Bogbarth!
Bogbarth is severely wounded.
Bogbarth is blinded.
The bolt of light hits the orc priest!!
You kill the orc priest!
Beogh accepts your kill.
Beogh appreciates your killing of a heretic priest.
You feel sick. You block the scorpion's attack.
Bogbarth hits you with a +2 war axe of freezing.
Bogbarth freezes you.
Unknown command.
Unknown command.
You hit Bogbarth.
Bogbarth is severely wounded.
You feel sick. The scorpion stings you.
Bogbarth utters an invocation to Beogh.
You whack Bogbarth!
Bogbarth is almost dead.
You block the scorpion's attack.
You hit Bogbarth but do no damage.
Bogbarth is almost dead.
You feel sick. Bogbarth hits you but does no damage.
The scorpion stings you but does no damage.
You hit Bogbarth.
Bogbarth is almost dead.
You feel sick.
The scorpion stings you but does no damage.
Bogbarth hits you with a +2 war axe of freezing!
* * * LOW HITPOINT WARNING * * *
Bogbarth freezes you.
* * * LOW HITPOINT WARNING * * *
Unknown command.
You hit Bogbarth but do no damage.
Bogbarth is almost dead.
You feel sick.
You are no longer poisoned.
The scorpion stings you but does no damage.
Bogbarth hits you with a +2 war axe of freezing!
You die...
Beogh appreciates Bogbarth's killing of a heretic priest.

********** ***.,,,,,,,,
*,..,,,***,* ########.#,**,* *,*
#..,.....#,,*,* *,*
#.#*.....#*,*,* *,*
###############.##o....##,*,***,,
...............s@oo....>.,,,,,,,,
###############.##s.....#,,,,,,,,
******,,,*****#.#,......#,,,,,,,,
,,,,,,,,,,,,,,...*#...#.#,,<,,,,,
,*****,,,,,,,....#*...#,#,***,***
,* *,,,,,,.....#*...#,*,* *,,,,
,* *,,,,,......#**###,*,*******
,* *,,,,.......# *,*,,,,,,,, ,*
*,**..$....(# *,****,,,,,


You could see Bogbarth the orc apostle (blind, unable to see you, divinely
empowered), 2 scorpions and 2 orcs.

Vanquished Creatures
  Pikel (D:8)
  A water moccasin (D:5)
  An ice beast (D:6)
  2 black bears
  4 orc warriors
  A centaur (D:7)
  4 lemures (D:8)
  7 kobold brigands (Sewer)
  A bullfrog (D:5)
  2 scorpions
  2 water moccasin zombies (D:4)
  9 wights
  5 killer bees
  A bombardier beetle (D:5)
  A centaur zombie (D:4)
  2 jellies
  9 hounds
  A bullfrog skeleton (D:4)
  An orc priest (D:8)
  4 iguanas
  A sleepcap (D:7)
  7 orc wizards
  A scorpion zombie (D:4)
  A hound zombie (D:4)
  A hound skeleton (D:4)
  14 adders
  6 gnolls
  4 river rats (Sewer)
  3 white imps
  5 adder skeletons (D:4)
  7 ribbon worms
  2 dart slugs
  12 orcs
  11 ball pythons
  7 bats
  9 endoplasms
  4 giant cockroaches
  8 goblins
  4 hobgoblins
  2 jackals (D:1)
  12 kobolds
  3 quokkas
  4 frilled lizards
  11 rats
198 creatures vanquished.

Vanquished Creatures (collateral kills)
  A bullfrog (D:6)
  2 wights (D:8)
  A hound (D:6)
  A gnoll bouda (D:6)
  An iguana (D:4)
  An adder (D:6)
  3 gnolls (D:6)
  An orc (D:6)
  An endoplasm (Sewer)
  A quokka (D:1)
  2 kobolds (D:3)
15 creatures vanquished.

Vanquished Creatures (others)
  A bullfrog zombie (D:6)
  A black bear zombie (D:6)
  An orc wizard (D:5)
  4 killer bee zombies
  An adder zombie (D:6)
  An iguana zombie (D:6)
  An orc (D:5)
  4 gnoll zombies (D:6)
  An orc zombie (D:6)
15 creatures vanquished.

Grand Total: 228 creatures vanquished

Notes
Turn   | Place    | Note
-------+----------+-------------------------------------------
     0 | D:1      | Aldia the Mountain Dwarf Necromancer began the quest for
                  | the Orb.
     0 | D:1      | Reached XP level 1. HP: 14/14 MP: 3/3
   147 | D:1      | Reached XP level 2. HP: 15/22 MP: 0/4
   390 | D:1      | Reached skill level 1 in Fighting
   601 | D:1      | Reached skill level 5 in Necromancy
   601 | D:1      | Reached XP level 3. HP: 22/28 MP: 2/6
   605 | D:1      | Learned a level 3 spell: Vampiric Draining
  1259 | D:2      | HP: 1/29 [ribbon worm (4)]
  1438 | D:2      | Identified the +9 chain mail of Mecsinub {rN+ Slay+4}
  1472 | D:2      | Reached XP level 4. HP: 36/36 MP: 5/7
  2260 | D:3      | Learned a level 4 spell: Animate Dead
  2392 | D:3      | Noticed Grinder
  3035 | D:3      | Found a burning altar of Makhleb.
  3040 | D:3      | Found an ancient bone altar of Kikubaaqudgha.
  3041 | D:3      | Found a broken altar of Ashenzari.
  3044 | D:3      | Found a shimmering blue altar of Sif Muna.
  3158 | D:4      | Reached XP level 5. HP: 38/42 MP: 2/9
  3248 | D:4      | Noticed a black bear
  3251 | D:4      | Reached skill level 1 in Armour
  3251 | D:4      | Reached skill level 6 in Necromancy
  3262 | D:4      | Killed a black bear
  3263 | D:4      | Reached XP level 6. HP: 17/50 MP: 1/10
  3487 | D:4      | Became a worshipper of Beogh the Shepherd
  3575 | D:4      | Found a glowing golden altar of the Shining One.
  3798 | D:4      | Reached skill level 7 in Necromancy
  3798 | D:4      | Reached XP level 7. HP: 46/57 MP: 11/11
  3983 | D:4      | Found a basalt altar of Yredelemnul.
  4430 | D:5      | Entered Level 5 of the Dungeon
  4554 | D:5      | Reached * piety under Beogh
  4615 | D:5      | Found a sand-covered staircase.
  4639 | Ossuary  | Entered an ossuary
  4827 | D:5      | Found a glowing drain.
  4839 | Sewer    | Entered a sewer
  4910 | Sewer    | Reached skill level 5 in Armour
  4910 | Sewer    | Reached skill level 8 in Necromancy
  5167 | Sewer    | Reached XP level 8. HP: 51/66 MP: 4/12
  6141 | Sewer    | Reached skill level 9 in Necromancy
  6352 | D:5      | Found a runed translucent gate.
  6352 | D:5      | Found a runed translucent gate.
  6354 | D:5      | Found a runed translucent gate.
  6355 | D:5      | Noticed BeKind's ghost (amateur OpFi)
  6900 | D:5      | Reached skill level 1 in Invocations
  7037 | D:6      | Reached XP level 9. HP: 45/72 MP: 0/13
  7039 | D:6      | Reached ** piety under Beogh
  7050 | D:6      | Reached skill level 10 in Necromancy
  7052 | D:6      | Reached skill level 1 in Maces & Flails
  7173 | D:6      | Reached skill level 5 in Fighting
  7388 | D:6      | Identified 2 scrolls of acquirement
  7388 | D:6      | Acquired 495 gold pieces
  7678 | D:6      | Found Wyickoh's Distillery.
  7685 | D:6      | Bought 3 potions of attraction for 126 gold pieces
  7685 | D:6      | Bought a potion of resistance for 140 gold pieces
  7685 | D:6      | Bought a potion of mutation for 112 gold pieces
  7685 | D:6      | Bought a potion of haste for 140 gold pieces
  7685 | D:6      | Acquired the +0 helmet of Beogh {Regen+ Str+3}
  8005 | D:7      | Found Cifitzya's Armour Shoppe.
  8007 | D:7      | Found a staircase to the Ecumenical Temple.
  8318 | D:7      | Reached skill level 5 in Invocations
  8593 | D:7      | Found an opulent altar of Gozag.
  8593 | D:7      | Found a sparkling altar of Nemelex Xobeh.
  8703 | Temple   | Entered the Ecumenical Temple
  8751 | D:8      | Noticed Pikel
  8791 | D:8      | Killed Pikel
  8926 | D:8      | Reached XP level 10. HP: 74/86 MP: 2/14
  9080 | D:8      | Reached *** piety under Beogh
  9088 | D:8      | Noticed Bogbarth
  9143 | D:8      | Slain by Bogbarth the orc apostle

Illustrated notes

Levels and vault maps discovered:
D:1:      scummos_arrival_checkerplants, layout_rooms
D:2:      layout_loops_corners, serial_rivers, chequers_serial_rivers_marsh,
          chequers_serial_rivers_marsh, chequers_serial_rivers_marsh,
          chequers_serial_rivers_micro_d, chequers_serial_rivers_micro_a
D:3:      layout_basic, minitemple, chequers_serial_rivers_small_3, uniq_grinder
D:4:      layout_basic, tso_metal_star, general_overflow_altar, serial_undead,
          serial_undead_a, serial_undead_d, serial_undead_b, serial_undead_c,
          serial_undead_e, st_stairs_3, minmay_snake_closets
D:5:      layout_basic, ebering_ghost_rock_garden,
          lightli_ossuary_entry_decrepit_ruins, portal_sewer_entry_d,
          minmay_quadrilaterals
D:6:      layout_rooms, serial_shops, shop, supply_closet_lemuel,
          amcnicky_mini_pool_medium
D:7:      layout_basic, grunt_temple_overflow_opulence,
          minmay_temple_entry_statues_pillars, serial_shops, shop
D:8:      layout_basic, uniq_pikel
Temple:   chequers_temple_sunken

Skill      XL: |  1  2  3  4  5  6  7  8  9 10 |
---------------+-------------------------------+-----
Spellcasting   | 2 3 |  3.0
Fighting       | 1 2 3 4 7 |  7.1
Necromancy     | 5 6 7 8 9 10 | 10.0
Armour         | 1 3 5 7 8 |  8.1
Invocations    | 2 6 |  6.5
Maces & Flails | 3 4 |  4.3
Dodging        | |  1.3
Stealth        | |  1.4

Action                     |  1- 3 |  4- 6 |  7- 9 | 10-12 || total
---------------------------+-------+-------+-------+-------++-------
  Melee: Dagger            |    41 |    88 |   100 |       ||   229
         Short sword       |     1 |       |       |       ||     1
         Flail             |       |       |   100 |       ||   100
         Halberd           |       |       |    46 |       ||    46
         Whip              |       |       |    14 |    59 ||    73
         Unarmed           |       |       |     7 |       ||     7
   Cast: Necrotise         |    60 |    69 |   162 |     1 ||   292
         Animate Dead      |       |       |     4 |       ||     4
         Vampiric Draining |       |       |    11 |     4 ||    15
 Invoke: Convert to Beogh  |       |     1 |       |       ||     1
  Evoke: Wand              |       |       |     2 |     2 ||     4
    Use: Scroll            |       |     1 |    11 |       ||    12
         Potion            |       |       |     3 |       ||     3
   Stab: Sleeping          |     3 |       |       |       ||     3
 Armour: Robe              |    38 |    10 |       |       ||    48
         Chain mail        |       |   115 |   447 |    53 ||   615
         Skin              |       |       |    33 |       ||    33
  Dodge: Dodged            |    46 |    56 |   130 |    12 ||   244
  Block: Other             |       |       |    34 |    13 ||    47

Table legend: (Time is in decaauts)
 A = Elapsed time spent in this place.
 B = Non-inter-level travel time spent in this place.
 C = Inter-level travel time spent in this place.
 D = Time resting spent in this place.
 E = Time spent auto-exploring this place.
 F = Levels seen in this place.
 G = Mean time per level.
                   A        B        C        D        E       F      G
               +--------+--------+--------+--------+--------+-----+--------+
         Total |   9374 |   9109 |    265 |    113 |   7109 |  11 |  852.2 |
       Dungeon |   7849 |   7584 |    265 |    113 |   5834 |   8 |  981.1 |
        Temple |      1 |      1 |      0 |      0 |      0 |   1 |    1.0 |
         Sewer |   1521 |   1521 |      0 |      0 |   1275 |   1 | 1521.0 |
       Ossuary |      2 |      2 |      0 |      0 |      0 |   1 |    2.0 |
               +--------+--------+--------+--------+--------+-----+--------+

Top non-repeatable levels by time:
   Sewer: 1521 daAuts
     D:4: 1278 daAuts
     D:5: 1235 daAuts
     D:2: 1197 daAuts
     D:3: 1060 daAuts
     D:1: 896 daAuts
     D:6: 886 daAuts
     D:7: 868 daAuts
     D:8: 425 daAuts
 Ossuary: 2 daAuts
  Temple: 1 daAuts
